 Dungeon Crawl Stone Soup version 0.29-a0-284-gf9362112df (webtiles) character file.

Game seed: 3929169070223923592

628 siradein the Bolt Thrower (level 7, -4/61 HPs)
             Began as a Purple Draconian Hunter on Mar 17, 2022.
             Slain by Edmund
             ... wielding a +0 flail of protection
              (12 damage)
             ... on level 5 of the Dungeon.
             The game lasted 00:10:31 (4869 turns).

siradein the Bolt Thrower (Purple Draconian Hunter) Turns: 4869, Time: 00:10:31

Health: -4/61      AC:  7    Str: 13    XL:     7   Next: 23%
Magic:  8/8        EV: 14    Int:  9    God:
Gold:   236        SH:  0    Dex: 17    Spells: 4/7 levels left

rFire   . . .      SeeInvis .   a - +1 hand crossbow
rCold   . . .      Faith    .   (no shield)
rNeg    . . .      Spirit   .   (body armour unavailable)
rPois   .          Reflect  .   (helmet restricted)
rElec   .          Harm     .   (no cloak)
rCorr   .          Rampage  .   s - +0 pair of gloves
Will    ++...                   (no boots)
Stlth   ++........              g - amulet of magic regeneration
HPRegen 0.20/turn               (no ring)
MPRegen 0.51/turn               (no ring)

@: brilliant, short of breath
A: breathe power, AC +6, unfitting armour, cold-blooded, strong-willed 1
a: Breathe Dispelling Energy


You were on level 5 of the Dungeon.
You visited 1 branch of the dungeon, and saw 5 of its levels.

You collected 236 gold pieces.

Inventory:

Hand Weapons
 a - a +1 hand crossbow (weapon)
Armour
 s - a +0 pair of gloves (worn)
Jewellery
 g - an amulet of magic regeneration (around neck)
Scrolls
 b - 2 scrolls of immolation
 d - 2 scrolls of fear
 e - 3 scrolls of amnesia {unknown}
 h - a scroll of magic mapping {unknown}
 i - a scroll of noise {unknown}
 l - 2 scrolls of fog {unknown}
 m - 3 scrolls of summoning {unknown}
 n - a scroll of enchant armour {unknown}
 o - a scroll of holy word {unknown}
 p - a scroll of blinking {unknown}
 q - a scroll of teleportation {unknown}
 u - a scroll of silence {unknown}
Potions
 c - 4 potions of haste
 f - a potion of mutation
 j - a potion of curing
 k - 2 potions of might
Miscellaneous
 t - a piece from Xom's chessboard (14/15)


   Skills:
 + Level 5.2 Fighting
 + Level 5.4 Crossbows
 + Level 4.3 Dodging
 - Level 0.8 Stealth
 + Level 0.8 Spellcasting
 + Level 1.0 Hexes
 + Level 0.0 Evocations


You had 4 spell levels left.
You knew the following spells:

 Your Spells              Type           Power      Damage    Failure   Level
a - Inner Flame           Hex/Fire       1%         N/A       67%         3

Your spell library contained the following spells:

 Spells                   Type           Power      Damage    Failure   Level
 Foxfire                  Conj/Fire      0%         2x1d4     36%         1
 Conjure Flame            Conj/Fire      0%         6-21      75%         3
 Frozen Ramparts          Ice            0%         1d2       75%         3
 Ozocubu's Armour         Ice            0%         N/A       75%         3
 Fulminant Prism          Conj/Hex       0%         3d6       97%         4
 Flame Wave               Conj/Fire      0%         2d4       98%         4


Dungeon Overview and Level Annotations

Branches:
Dungeon (5/15)
 Temple: D:4-7

Altars:
Nemelex Xobeh
Ru
Vehumet
Wu Jian
Xom
Yredelemnul
Zin

Annotations:
D:5 Edmund


Innate Abilities, Weirdness & Mutations

You can breathe bolts of dispelling energy.
Your rich purple scales are hard. (AC +6)
You cannot fit into any form of body armour.
You are cold-blooded and may be slowed by cold attacks.
You are strong-willed. (Will+)


Message History

Edmund barely misses you.
Shoot: a) +1 hand crossbow
Press: ? - help, Q - select action, (/) - cycle Shift-Dir - straight line, f/p - Edmund
Aim: Edmund, wielding a +0 flail of protection and wearing a +0 chain mail (heavily wounded, softly glowing, 88% to hit)
You shoot a bolt.
The bolt hits Edmund but does no damage.
Edmund is heavily wounded.
Edmund closely misses you.
Aiming: Breathe Dispelling Energy (5% risk of failure)
Press: ? - help, Shift-Dir - straight line, f/p - Edmund
Aim: Edmund, wielding a +0 flail of protection and wearing a +0 chain mail (heavily wounded, softly glowing, 81% to hit)
You breathe a bolt of dispelling energy.
The bolt of dispelling energy hits Edmund!
Edmund is severely wounded.
Edmund's magical effects unravel!
Edmund misses you.
Shoot: a) +1 hand crossbow
Press: ? - help, Q - select action, (/) - cycle Shift-Dir - straight line, f/p - Edmund
Aim: Edmund, wielding a +0 flail of protection and wearing a +0 chain mail (severely wounded, 72% to hit)
You shoot a bolt.
The bolt hits Edmund but does no damage.
Edmund is severely wounded.
Edmund hits you with a +0 flail of protection.
* * * LOW HITPOINT WARNING * * *
Shoot: a) +1 hand crossbow
Press: ? - help, Q - select action, (/) - cycle Shift-Dir - straight line, f/p - Edmund
Aim: Edmund, wielding a +0 flail of protection and wearing a +0 chain mail (severely wounded, 72% to hit)
You shoot a bolt. The bolt hits Edmund!
Edmund is severely wounded.
Edmund hits you with a +0 flail of protection.
* * * LOW HITPOINT WARNING * * *
It was a potion of brilliance.
You feel clever all of a sudden.
Edmund hits you with a +0 flail of protection.
* * * LOW HITPOINT WARNING * * *
Shoot: a) +1 hand crossbow
Press: ? - help, Q - select action, (/) - cycle Shift-Dir - straight line, f/p - Edmund
Aim: Edmund, wielding a +0 flail of protection and wearing a +0 chain mail (severely wounded, 72% to hit)
You shoot a bolt. The bolt barely misses Edmund.
Edmund hits you with a +0 flail of protection!
You die...

###'## #....# #....#
#.# #....# #.# ###.##
#.# #.# #.# #)# #.# #@#
#.#
######@####.###########
#...................#..
###################...#
#.### ##.# #..# ##..#
##...# #....#


You could see Edmund.

Vanquished Creatures
  A steam dragon (D:4)
  A scorpion (D:4)
  A howler monkey (D:4)
  A jelly (D:4)
  An orc priest (D:3)
  2 iguanas (D:4)
  3 orc wizards
  2 gnolls
  8 adders
  5 worms
  2 dart slugs
  17 orcs
  5 endoplasms
  2 giant cockroaches
  3 goblins
  11 hobgoblins
  4 jackals
  3 quokkas
  11 ball pythons
  5 bats
  2 frilled lizards
  8 kobolds
  9 rats
  2 butterflies (D:5)
109 creatures vanquished.

Notes
Turn   | Place    | Note
-------+----------+-------------------------------------------
     0 | D:1      | siradein the Draconian Hunter began the quest for the Orb.
     0 | D:1      | Reached XP level 1. HP: 17/17 MP: 1/1
    27 | D:1      | Found a faded altar of an unknown god.
   354 | D:1      | Reached XP level 2. HP: 22/25 MP: 2/2
  1143 | D:2      | Got Sif Muna's Almanac of the Snowflakes and the Oath
  1196 | D:2      | Reached XP level 3. HP: 30/30 MP: 3/3
  1465 | D:2      | Found a sparkling altar of Nemelex Xobeh.
  1631 | D:2      | Reached XP level 4. HP: 22/38 MP: 4/4
  2034 | D:2      | You fall into a shaft and drop 2 floors!
  2085 | D:4      | Noticed a steam dragon
  2522 | D:3      | Found a sacrificial altar of Ru.
  2550 | D:3      | Reached XP level 5. HP: 36/46 MP: 5/5
  3069 | D:3      | Found an ornate altar of the Wu Jian Council.
  3071 | D:3      | Found a radiant altar of Vehumet.
  3073 | D:3      | Found a glowing silver altar of Zin.
  3622 | D:4      | Gained mutation: You are strong-willed. (Will+) [potion of
                  | mutation]
  3664 | D:4      | Killed a steam dragon
  3665 | D:4      | Reached skill level 5 in Crossbows
  3665 | D:4      | Reached XP level 6. HP: 53/53 MP: 6/6
  4125 | D:4      | Reached skill level 5 in Fighting
  4131 | D:4      | Your scales start taking on a rich purple colour.
  4131 | D:4      | Reached XP level 7. HP: 46/61 MP: 7/7
  4135 | D:4      | Learned a level 3 spell: Inner Flame
  4562 | D:5      | Entered Level 5 of the Dungeon
  4637 | D:5      | Found a shimmering altar of Xom.
  4774 | D:5      | Found a basalt altar of Yredelemnul.
  4833 | D:5      | Noticed Edmund
  4846 | D:5      | Reached skill level 1 in Hexes
  4869 | D:5      | Slain by Edmund

Illustrated notes

Levels and vault maps discovered:
D:1:      amcnicky_arrival_underground_garden, layout_loops_corners,
          ebering_ecumenical_altar_webs, minmay_misc_feat_enclosed,
          chequers_serial_rivers_micro_a, dreamdust_princess_corridor,
          minmay_tromino_v4_b
D:2:      layout_loops_corners, basic_altar, minmay_guardbox
D:3:      layout_loops_ring, mainiacjoe_overflow_small_starburst, minitemple
D:4:      layout_gridville, minmay_divided_ellipse
D:5:      layout_basic, nzn_hepliaklqana_mist_gate, xom_butterflies,
          kennysheep_ying_yang, uniq_edmund, uniq_crazy_yiuf_cottage

Skill      XL: |  1  2  3  4  5  6  7 |
---------------+----------------------+-----
Dodging        | 2 3 4 |  4.3
Crossbows      | 4 5 |  5.4
Fighting       | 3 4 5 |  5.2
Hexes          | 1 |  1.0
Stealth        | |  0.8
Spellcasting   | |  0.8

Action                   |  1- 3 |  4- 6 |  7- 9 || total
-------------------------+-------+-------+-------++-------
 Fire: Hand crossbow     |   119 |   196 |    71 ||   386
 Abil: Breathe Dispellin |       |       |     5 ||     5
Evoke: Piece from Xom's  |       |       |     1 ||     1
  Use: Scroll            |       |     5 |       ||     5
       Potion            |       |     1 |     1 ||     2
Armor: Skin              |    19 |    30 |    11 ||    60
Dodge: Dodged            |    55 |    55 |    23 ||   133

Table legend: (Time is in decaauts)
 A = Elapsed time spent in this place.
 B = Non-inter-level travel time spent in this place.
 C = Inter-level travel time spent in this place.
 D = Time resting spent in this place.
 E = Time spent auto-exploring this place.
 F = Levels seen in this place.
 G = Mean time per level.
                   A        B        C        D        E       F      G
               +--------+--------+--------+--------+--------+-----+--------+
         Total |   4979 |   4859 |    120 |    137 |   3854 |   5 |  995.8 |
       Dungeon |   4979 |   4859 |    120 |    137 |   3854 |   5 |  995.8 |
               +--------+--------+--------+--------+--------+-----+--------+

Top non-repeatable levels by time:
     D:1: 1354 daAuts
     D:2: 1141 daAuts
     D:4: 1089 daAuts
     D:3: 1075 daAuts
     D:5: 317 daAuts
